 Dungeon Crawl Stone Soup version 0.31-a0-836-g3ceb0a68c4 (webtiles) character file.

Game seed: 4538222166153481691

37 javelincjr the Ruffian (level 3, 0/28 HPs)
             Began as a Djinni Shapeshifter on Sept 26, 2023.
             Slain by a worm (9 damage)
             ... on level 1 of the Dungeon.
             The game lasted 00:02:18 (1221 turns).

javelincjr the Ruffian (Djinni Shapeshifter)        Turns: 1221, Time: 00:02:19

Health: 0/28       AC:  6    Str: 15    XL:     3   Next: 62%
Gold:   60         EV: 10    Int: 11    God:
                   SH:  0    Dex: 12

rFire   + + .        l - +2 dagger (venom)
rCold   x . .        (no shield)
rNeg    . . .        h - +0 scale mail
rPois   ∞            (helmet currently unavailable)
rElec   .            (cloak currently unavailable)
rCorr   .            (gloves currently unavailable)
SInv    .            (boots unavailable)
Will    .....        (no amulet) Stlth
                     (no ring)
HPRegen 0.24/turn    (no ring)
MPRegen 0.00/turn

%: infuse magic (-1 HP)
@: beast-form, flying
A: beast (slay +1), flying, sickness immunity, fire resistance 2, cold
vulnerability 1, float, innate caster, HP casting, extra vitality 1
a: Begin Untransformation


You were on level 1 of the Dungeon.
You were a hulking beast.
You visited 1 branch of the dungeon, and saw 2 of its levels.

You collected 60 gold pieces.

Inventory:

Hand Weapons
 j - a +0 spear
 l - a +2 dagger of venom (weapon)
Armour
 a - a +0 animal skin
 h - a +0 scale mail (worn)
 i - a +0 ring mail
Talismans
 c - a beast talisman (active)
 d - a flux talisman
Scrolls
 f - a scroll of fog {unknown}
 g - a scroll of blinking {unknown}
Potions
 b - a potion of lignification
 e - a potion of curing {unknown}
 k - 2 potions of degeneration {unknown}


   Skills:
 + Level 1.7 Fighting
 + Level 2.7 Dodging
 + Level 3.3 Unarmed Combat
 * Level 3.0 Shapeshifting


You knew the following spells:

 Your Spells              Type           Power      Damage    Failure   Level
a - Sandblast             Erth           0%         2d4       83%         1
Your spell library was empty.

Dungeon Overview and Level Annotations

Branches:
Dungeon (2/15)

Altars:


Innate Abilities, Weirdness & Mutations

You are a hulking beast.
Your limbs bulge with bestial killing power. (Slay +1)
You are flying.
You are immune to sickness and miasma.
You are immune to poison.
Your flesh is very heat resistant. (rF++)
You are vulnerable to cold. (rC-)
You float through the air rather than walking.
You learn spells naturally, not from books.
Your magical power is your life essence.
You have superior vitality. (+4 MHP)


Message History

The adder bites you but does no damage.
You kill the quokka!
The adder attacks as it pursues you! The adder closely misses you.
There is a stone staircase leading up here.
You barely miss the adder.
The adder is lightly wounded.
The adder barely misses you.
You hit the adder.
The adder looks as sick as possible!
The adder is heavily wounded.
The adder bites you.
You hit the adder.
The adder looks as sick as possible!
The adder is severely wounded.
You kill the adder!
Your Shapeshifting skill increases to level 3!
You see here an adder corpse.
You see here a quokka corpse.
You hit the worm.
The worm is moderately wounded.
The worm bites you!
You hit the worm.
The worm is heavily wounded.
The worm bites you.
You see here an adder corpse.
You hit the worm.
The worm is poisoned.
The worm is severely wounded.
The worm attacks as it pursues you! The worm bites you but does no damage.
The worm attacks as it pursues you! The worm bites you.
There is a stone staircase leading up here.
You fly upwards.
There is a stone staircase leading down here.
The worm attacks as it pursues you! The worm bites you! The worm bites you.
* * * LOW HITPOINT WARNING * * *
You hit the worm.
The worm is poisoned.
The worm is lightly wounded.
The worm looks more healthy.
You hit the worm.
The worm looks as sick as possible!
The worm is heavily wounded.
The worm attacks as it pursues you! The worm bites you!
You die...

########...#.#.# #...######
.............#.# #.........
########.).###.# #.........
...............# #.........
########...##### #......... #...#
#......... #...# #.........
########...#############.........
................hw.w...........).
#######################.)....>...
........................###....#'
######################### ##..##.
......................# #.##..
#####################.# #.+..⌠
......................# ####..
####################### ##.##.
.## #############...##


You could see 2 worms.

Vanquished Creatures
  An adder (D:2)
  4 ball pythons (D:1)
  2 bats (D:1)
  4 endoplasms (D:1)
  2 hobgoblins (D:1)
  5 kobolds
  A quokka (D:2)
  A frilled lizard (D:1)
  3 goblins
  4 rats
27 creatures vanquished.

Notes
Turn   | Place    | Note
-------+----------+-------------------------------------------
     0 | D:1      | javelincjr the Djinni Shapeshifter began the quest for the
                  | Orb.
     0 | D:1      | Reached XP level 1. HP: 17/17 MP: 0/0
   107 | D:1      | Reached XP level 2. HP: 14/22 MP: 0/0
   775 | D:1      | Reached XP level 3. HP: 26/27 MP: 0/0
   775 | D:1      | Learned a level 1 spell: Sandblast
  1221 | D:1      | Slain by a worm

Illustrated notes

Levels and vault maps discovered:
D:1:      wheals_arrival_linesprint, layout_basic, nicolae_hexahallways
D:2:      layout_rooms, minmay_close_crescents, uniq_natasha,
          uniq_crazy_yiuf_cottage

Skill      XL: |  1  2  3 |
---------------+----------+-----
Shapeshifting  | 3 |  3.0
Fighting       | |  1.7
Dodging        | |  2.7
Unarmed Combat | |  3.3

Action                     || total
---------------------------++-------
  Melee: Unarmed           ||    24
         Spear             ||    14
         Dagger            ||    30
   Stab: Sleeping          ||     2
 Armour: Animal skin       ||    17
         Scale mail        ||    20
  Dodge: Dodged            ||    36

Table legend: (Time is in decaauts)
 A = Elapsed time spent in this place.
 B = Non-inter-level travel time spent in this place.
 C = Inter-level travel time spent in this place.
 D = Time resting spent in this place.
 E = Time spent auto-exploring this place.
 F = Levels seen in this place.
 G = Mean time per level.
                   A        B        C        D        E       F      G
               +--------+--------+--------+--------+--------+-----+--------+
         Total |   1220 |   1171 |     49 |      0 |    965 |   2 |  610.0 |
       Dungeon |   1220 |   1171 |     49 |      0 |    965 |   2 |  610.0 |
               +--------+--------+--------+--------+--------+-----+--------+

Top non-repeatable levels by time:
     D:1: 1184 daAuts
     D:2: 35 daAuts
